 Dungeon Crawl Stone Soup version 0.22.1-1-ga44c0e56f4 (webtiles) character file.

123 Jynx the Changer (level 5, 0/33 HPs)
             Began as an Octopode Transmuter on Nov 3, 2018.
             Slain by an orc
             ... wielding a +1 flail of crushing
              (1 damage)
             ... on level 3 of the Dungeon.
             The game lasted 00:03:57 (2756 turns).

Jynx the Changer (Octopode Transmuter)              Turns: 2756, Time: 00:03:57

Health: 0/33       AC:  2    Str:  9    XL:     5   Next: 7%
Magic:  6/9        EV: 21    Int: 15    God:
Gold:   104        SH:  0    Dex: 19    Spells: 3/9 levels left

rFire    . . .     SeeInvis .     - Unarmed
rCold    . . .     Gourm    .   (shield currently unavailable)
rNeg     . . .     Faith    .   (helmet currently unavailable)
rPois    x         Spirit   .   (no amulet)
rElec    .         Reflect  .   (no ring)
rCorr    .         Harm     .   (no ring)
MR       .....                  (no ring)
Stlth    ++........             (no ring)
HPRegen  0.11/turn              (no ring)
MPRegen  0.11/turn              (no ring)
                                (no ring)
                                (no ring)

@: spider-form (expiring)
A: tiny, almost no armour, stealthy swim, (amphibious), 8 rings, (constrict 8)
a: End Transformation


You were on level 3 of the Dungeon.
You were not hungry.
You were a venomous arachnid creature.
You visited 1 branch of the dungeon, and saw 3 of its levels.

You collected 104 gold pieces.

Inventory:

Missiles
 a - 12 arrows
Scrolls
 e - a scroll of blinking {unknown}
 f - a scroll of enchant armour {unknown}
 g - a scroll of magic mapping {unknown}
 i - 3 scrolls of remove curse {unknown}
 k - a scroll of identify {unknown}
 l - a scroll of random uselessness {unknown}
 m - a scroll of enchant weapon {unknown}
Potions
 b - a potion of berserk rage {unknown}
 d - 2 potions of invisibility {unknown}
 h - a potion of flight {unknown}
 j - 3 potions of curing {unknown}
Comestibles
 c - 3 rations


   Skills:
 - Level 1.0 Fighting
 + Level 3.0 Dodging
 - Level 3.0 Unarmed Combat
 + Level 2.8 Spellcasting
 * Level 3.8 Transmutations


You had 3 spell levels left.
You knew the following spells:

 Your Spells              Type           Power        Failure   Level  Hunger
a - Beastly Appendage     Tmut           ##....       13%         1    #......
b - Sticks to Snakes      Tmut           ##......     17%         2    ##.....
c - Spider Form           Tmut/Pois      #.........   50%         3    ###....

Your spell library contained the following spells:

 Spells                   Type           Power        Failure   Level  Hunger
 Ice Form                 Ice/Tmut       #.......     85%         4    #####..
 Blade Hands              Tmut           ##........   89%         5    ######.


Dungeon Overview and Level Annotations

Branches:
Dungeon (3/15)

Altars:


Innate Abilities, Weirdness & Mutations

You cannot wear most types of armour.
You are very stealthy in the water. (Stealth+)
((You are amphibious.))
You can wear up to eight rings at the same time.
((You can use your tentacles to constrict eight enemies at once.))
((Your skin changes colour to match your surroundings (Stealth+).))
((Your rubbery body absorbs attacks. (AC +1, EV +1)))


Message History

The orc wizard is lightly wounded.
The orc wizard closely misses you.
You hit the orc.
The orc is poisoned.
The orc is severely wounded.
The frilled lizard unfolds its giant frill.
The orc wizard casts a spell at you. The puff of flame hits you!
* * * LOW HITPOINT WARNING * * *
The orc closely misses you.
You barely miss the orc wizard.
The orc wizard is lightly wounded.
You kill the orc!
The orc wizard closely misses you. The orc wizard barely misses you.
Okay, then.
You barely miss the orc wizard.
The orc wizard is lightly wounded.
The orc wizard misses you.
The orc hits you with a flail of crushing.
* * * LOW HITPOINT WARNING * * *
You die...

# .$.
#######..#
#sool(...#
#o####..##
#.# ## ..#
#... #...
.... #....


You could see an orc wizard, 2 orcs and a frilled lizard.

Vanquished Creatures
  Robin (D:2)
  4 adders
  An adder skeleton (D:2)
  A worm (D:2)
  A leopard gecko (D:1)
  2 orcs (D:3)
  9 bats
  2 giant cockroaches
  19 goblins
  9 hobgoblins
  A quokka (D:2)
  A ball python (D:1)
  7 frilled lizards
  2 kobolds
  5 rats
65 creatures vanquished.

Vanquished Creatures (others)
  A kobold (D:3)
1 creature vanquished.

Grand Total: 66 creatures vanquished

Notes
Turn   | Place    | Note
-------+----------+-------------------------------------------
     0 | D:1      | Jynx the Octopode Transmuter began the quest for the Orb.
     0 | D:1      | Reached XP level 1. HP: 13/13 MP: 3/3
    49 | D:1      | Reached XP level 2. HP: 9/18 MP: 3/5
   799 | D:2      | Learned a level 2 spell: Sticks to Snakes
   879 | D:2      | Noticed Robin
  1116 | D:1      | Reached XP level 3. HP: 19/23 MP: 4/6
  1174 | D:1      | Learned a level 3 spell: Spider Form
  1185 | D:2      | Killed Robin
  1571 | D:2      | Reached XP level 4. HP: 25/28 MP: 5/7
  2752 | D:3      | Reached XP level 5. HP: 9/33 MP: 6/9
  2756 | D:3      | HP: 1/33 [orc/flail of crushing (5)]
  2756 | D:3      | Slain by an orc

Skill      XL: |  1  2  3  4 |
---------------+-------------+-----
Transmutations | 3 |  3.8
Dodging        | 3 |  3.0
Fighting       | |  1.0
Unarmed Combat | |  3.0
Spellcasting   | |  2.8

Action                   |  1- 3 |  4- 6 || total
-------------------------+-------+-------++-------
Melee: Unarmed           |    78 |    70 ||   148
       Constrict         |    17 |    18 ||    35
       Kick              |    10 |    11 ||    21
       Tentacles         |     6 |     9 ||    15
       Punch             |     1 |     1 ||     2
 Cast: Beastly Appendage |    17 |     5 ||    22
       Spider Form       |     1 |     1 ||     2
 Stab: Sleeping          |     2 |       ||     2
  Eat: Chunk             |     2 |     4 ||     6
Armor: Skin              |    13 |     4 ||    17
Dodge: Dodged            |    59 |    42 ||   101
